 Seeded DCSS version 0.30-a0-358-g0d69a1922f (webtiles) character file.

Game seed: 7912684815053116117 (custom seed)

20363 flotson the Fighter (level 12, 0/94 HPs)
             Began as a Demonspawn Delver on Nov 8, 2022.
             Was an Initiate of Gozag.
             Engulfed by a fire crab's flame (27 damage)
             ... on level 3 of the Lair of Beasts.
             The game lasted 00:24:41 (17978 turns).

flotson the Fighter (Demonspawn Delver)            Turns: 17978, Time: 00:24:41

Health: 0/94       AC: 14    Str: 27    XL:     12   Next: 44%
Magic:  12/12      EV: 18    Int: 11    God:    Gozag
Gold:   2238       SH: 10    Dex: 15    Spells: 11/11 levels left

rFire   x . .      SeeInvis .    b - +1 trident (venom)
rCold   + . .      Faith    .    l - +0 kite shield
rNeg    . . .      Spirit   .    L - +0 steam dragon scales
rPois   +          Reflect  .    t - +0 helmet
rElec   .          Harm     .    (cloak unavailable)
rCorr   .          Rampage  .    S - +2 pair of gloves
Will    .....                    o - +2 pair of boots
Stlth   +++.......               (no amulet)
HPRegen 0.35/turn                u - ring of the Tempest {Ice Contam *Corrode rPois Str+9}
MPRegen 0.13/turn                r - +4 ring of evasion

@: no status effects
A: hooves 2, demonic guardian 2, foul stench 1, weakness stinger 3
a: Renounce Religion, Potion Petition, Call Merchant, Bribe Branch


You were on level 3 of the Lair of Beasts.
You worshipped Gozag.
Gozag was most pleased with you.
You visited 3 branches of the dungeon, and saw 14 of its levels.

You collected 2339 gold pieces.
You paid 101 gold pieces to Gozag.

Inventory:

Hand Weapons
 a - a +0 whip of electrocution
 b - a +1 trident of venom (weapon)
Missiles
 j - 9 poisoned darts (quivered)
 G - a throwing net
 J - 7 boomerangs
Armour
 l - a +0 kite shield (worn)
 o - a +2 pair of boots (worn)
 t - a +0 helmet (worn)
 L - +0 steam dragon scales (worn)
 S - a +2 pair of gloves (worn)
Jewellery
 q - a +6 ring of strength
 r - a +4 ring of evasion (right hand)
 u - the ring of the Tempest (left hand) {Ice Contam *Corrode rPois Str+9}
   (You found it on level 2 of the Dungeon)

   [ring of ice]

   It enhances your ice magic.
   Str:       It affects your strength (+9).
   rF:        It makes you vulnerable to fire.
   rC:        It protects you from cold.
   rPois:     It protects you from poison.
   Contam:    It causes magical contamination when unequipped.
   *Corrode:  It may corrode you when you take damage.
 H - a ring of resist corrosion
 M - a +4 ring of evasion
 O - a ring of positive energy
Wands
 g - a wand of digging (2)
 s - a wand of flame (35)
 P - a wand of paralysis (10)
 R - a wand of light (5)
Scrolls
 c - a scroll of fog
 d - 4 scrolls of magic mapping
 e - 2 scrolls of fear
 h - 4 scrolls of teleportation {unknown}
 i - 2 scrolls of enchant armour {unknown}
 n - 3 scrolls of noise {unknown}
 v - 7 scrolls of poison {unknown}
 x - 2 scrolls of brand weapon {unknown}
 y - 4 scrolls of blinking {unknown}
 z - a scroll of vulnerability {unknown}
 K - 2 scrolls of immolation {unknown}
 N - a scroll of enchant weapon {unknown}
 Q - a scroll of amnesia {unknown}
Potions
 f - a potion of ambrosia
 m - 2 potions of mutation
 p - 3 potions of attraction
 w - 6 potions of curing
 A - 3 potions of invisibility
 B - 4 potions of haste
 C - a potion of flight
 D - 3 potions of lignification
 E - 3 potions of cancellation
 F - 2 potions of might
 I - 2 potions of berserk rage


   Skills:
 + Level 8.6 Fighting
 + Level 7.6 Axes
 + Level 7.1 Throwing
 + Level 7.3 Armour
 + Level 7.5 Dodging
 - Level 4.5 Stealth
 + Level 7.0 Shields
 + Level 7.9 Evocations


You had 11 spell levels left.
You didn't know any spells.
Your spell library contained the following spells:

 Spells                   Type           Power      Damage    Failure   Level
 Apportation              Tloc           0%         N/A       67%         1
 Magic Dart               Conj           0%         1d3       67%         1
 Necrotise                Necr           0%         1d4       67%         1
 Summon Small Mammal      Summ           0%         N/A       67%         1
 Searing Ray              Conj           0%         2d4       80%         2
 Frozen Ramparts          Ice            0%         1d1       95%         3
 Gell's Gravitas          Tloc           0%         N/A       95%         3
 Lesser Beckoning         Tloc           0%         N/A       95%         3
 Mephitic Cloud           Conj/Pois/Air  0%         N/A       95%         3
 Teleport Other           Tloc           0%         N/A       95%         3
 Vhi's Electric Charge    Tloc/Air       0%         N/A       95%         3
 Fulminant Prism          Conj/Hex       0%         3d5       100%        4
 Ice Form                 Ice/Tmut       0%         N/A       100%        4
 Summon Ice Beast         Ice/Summ       0%         N/A       100%        4
 Arcjolt                  Conj/Air       0%         1d10      100%        5
 Freezing Cloud           Conj/Ice/Air   0%         6-21      100%        5
 Lightning Bolt           Conj/Air       0%         1d11      100%        5
 Conjure Ball Lightning   Conj/Air       0%         3x3d6     100%        6
 Maxwell's Capacitive Co  Air            0%         ∞         100%        8


Dungeon Overview and Level Annotations

Branches:
Dungeon (10/15)            Temple (1/1) D:6            Lair (3/5) D:9
 Shoals (0/4) Lair:2        Snake (0/4) Lair:3
    Orc: D:9-12

Altars:
Ashenzari
Cheibriados
Dithmenos
Fedhas
Gozag
Hepliaklqana
Kikubaaqudgha
Makhleb
Nemelex Xobeh
Okawaru
Qazlal
Ru
Sif Muna
Trog
Uskayaw
Vehumet
Wu Jian
Xom
Yredelemnul

Shops:
D:1 (

Annotations:
D:10 Lodul


Innate Abilities, Weirdness & Mutations

You have hoof-like feet.
A demonic guardian rushes to your aid.
You may rarely emit foul miasma when damaged in melee.
You have a sharp stinger which inflicts weakening toxins.


Message History

The fire crab breathes flames at you. The blast of flame engulfs you!
The fire burns you terribly!
You reach to attack!
You hit the fire crab but do no damage.
The fire crab is poisoned.
The fungus is engulfed in blazing flames.
You hit the fire crab but do no damage.
The fire crab is lightly wounded.
The fire crab bites you.
You are engulfed in flames!!
The fire burns you terribly! The fire crab barely misses you.
You are too injured to fight recklessly!
You are too injured to fight recklessly!
You are too injured to fight recklessly!
You are too injured to fight recklessly!
You are too injured to fight recklessly!
You are too injured to fight recklessly!
You are too injured to fight recklessly!
You are too injured to fight recklessly!
You hit the fire crab but do no damage.
The fire crab is lightly wounded.
You block the fire crab's attack. The fire crab closely misses you.
You hit the fire crab but do no damage.
The fire crab looks as sick as possible!
The fire crab is lightly wounded.
A nearby fungus withers and dies.
You block the fire crab's attack. The fire crab completely misses you.
The fire crab breathes flames at you.
The blast of flame engulfs you but does no damage.
The fire crab attacks as you move away! You block the fire crab's attack. x2
You are engulfed in blazing flames.
* * * LOW HITPOINT WARNING * * *
You hit the fire crab.
The fire crab looks as sick as possible!
You tail-slap the fire crab, but do no damage.
The fire crab is heavily wounded.
The fire crab breathes flames at you.
The blast of flame engulfs you but does no damage.
The fire crab attacks as you move away! The fire crab misses you.
The fire crab barely misses you.
You are engulfed in blazing flames.
You die...
Your body crumbles into a pile of gold.

##..... ...........
#...... ###...#....
....# #####....
##...## #....
#.....## #....
#......# #....
##°t°°## #....
#°°°°##### #####....
#.°°@....####........
##°..................
#...................
##..................#
#...................#
#P.................##
##........##..#....#.
#......########.....
##.....## #.....


You could see a fire crab (extremely poisoned).

Vanquished Creatures
  2 hydras (Lair:3)
  A two-headed ogre (D:10)
  2 elephants (Lair:3)
  A merfolk siren (Lair:2)
  Joseph (D:10)
  A torpor snail (Lair:1)
  9 cane toads
  2 kobold demonologists
  A komodo dragon (Lair:3)
  A troll (D:9)
  Prince Ribbit (D:8)
  5 blink frogs (Lair:2)
  A basilisk (Lair:1)
  27 yaks
  A wyvern (Lair:1)
  Menkaure (D:5)
  A vampire mosquito (D:10)
  An acid dragon (D:9)
  3 nagas
  Duvessa (D:5)
  3 water moccasins
  A black bear (D:4)
  3 orc warriors
  3 ice beasts
  A sky beast (D:8)
  7 ogres
  3 centaurs
  A kobold brigand (D:6)
  Blork the orc (D:5)
  7 bullfrogs
  2 gnoll sergeants
  A necrophage (D:6)
  5 scorpions
  2 wights (D:8)
  Dowan (D:5)
  3 killer bees (D:8)
  An electric eel (Lair:1)
  A crimson imp (D:10)
  4 hounds
  4 orc priests
  An iguana (D:5)
  10 orc wizards
  13 hell rats (Lair:3)
  4 adders
  12 gnolls
  A shadow imp (D:8)
  4 white imps
  An ufetubus (D:6)
  2 dart slugs
  28 orcs
  7 ball pythons
  9 bats
  6 endoplasms
  3 giant cockroaches
  12 goblins
  7 hobgoblins
  4 jackals (D:4)
  4 quokkas
  6 frilled lizards
  8 kobolds
  4 rats
263 creatures vanquished.

Vanquished Creatures (collateral kills)
  A death yak (Lair:1)
  An elephant (Lair:3)
  A cane toad (Lair:1)
  Maggie (D:8)
  Sigmund (D:3)
  A yak (D:9)
  3 vampire mosquitoes (D:10)
  2 orc warriors
  3 ogres
  A bullfrog (Lair:3)
  A necrophage (D:4)
  A wight (D:8)
  3 killer bees (D:8)
  2 orc wizards
  A hell rat (Lair:3)
  Robin (D:2)
  3 gnolls (D:4)
  A dart slug (D:1)
  2 orcs
  A hobgoblin (D:2)
  2 goblins (D:2)
33 creatures vanquished.

Vanquished Creatures (others)
  33 fungi
  18 plants
51 creatures vanquished.

Grand Total: 347 creatures vanquished

Notes
Turn   | Place    | Note
-------+----------+-------------------------------------------
     0 | D:5      | flotson the Demonspawn Delver began the quest for the Orb.
     0 | D:5      | Reached XP level 1. HP: 18/18 MP: 1/1
    17 | D:5      | Noticed a hound
    27 | D:5      | Killed a hound
    28 | D:5      | Reached skill level 1 in Evocations
    28 | D:5      | Gained mutation: You may rarely emit foul miasma when
                  | damaged in melee. [demonic ancestry]
    28 | D:5      | Reached XP level 2. HP: 9/24 MP: 2/2
    28 | D:5      | Gained mutation: A weak demonic guardian rushes to your
                  | aid. [demonic ancestry]
    28 | D:5      | Reached XP level 3. HP: 11/29 MP: 3/3
   285 | D:1      | Reached skill level 1 in Armour
   444 | D:1      | Found Maotof's Weapon Boutique.
   833 | D:1      | Got the Vellum of the Brume and the Snake
  1180 | D:2      | Reached XP level 4. HP: 34/35 MP: 4/4
  1292 | D:2      | Noticed Robin
  1308 | D:2      | Killed Robin
  1467 | D:2      | Identified the ring of the Tempest {Ice Contam *Corrode
                  | rPois Str+9}
  1812 | D:3      | Noticed Sigmund
  1889 | D:3      | Gained mutation: A demonic guardian rushes to your aid.
                  | [demonic ancestry]
  1889 | D:3      | Reached XP level 5. HP: 39/41 MP: 5/5
  2096 | D:3      | Found a faded altar of an unknown god.
  2305 | D:3      | Found a snail-covered altar of Cheibriados.
  2651 | D:3      | Found a faded altar of an unknown god.
  2973 | D:3      | Killed Sigmund
  2974 | D:3      | Reached skill level 1 in Throwing
  2974 | D:3      | Reached skill level 1 in Shields
  2974 | D:3      | Reached XP level 6. HP: 24/48 MP: 6/6
  3249 | D:3      | Found a snail-covered altar of Cheibriados.
  3311 | D:4      | Reached skill level 4 in Fighting
  3501 | D:4      | Reached XP level 7. HP: 6/54 MP: 7/7
  4271 | D:5      | Found a shadowy altar of Dithmenos.
  4297 | D:5      | Noticed Blork the orc
  4308 | D:5      | Killed Blork the orc
  4390 | D:5      | Discovered your monstrous ancestry.
  4390 | D:5      | Gained mutation: You have a small tail. [demonic ancestry]
  4390 | D:5      | Reached XP level 8. HP: 58/61 MP: 8/8
  4687 | D:5      | Noticed Dowan
  4689 | D:5      | Noticed Duvessa
  4699 | D:5      | Killed Dowan
  4704 | D:5      | Killed Duvessa
  4872 | D:5      | Noticed Menkaure
  4922 | D:5      | Killed Menkaure
  4923 | D:5      | Reached skill level 5 in Fighting
  5800 | D:6      | Gained mutation: You have large cloven feet. [demonic
                  | ancestry]
  5800 | D:6      | Reached XP level 9. HP: 49/68 MP: 9/9
  5942 | D:6      | Found a staircase to the Ecumenical Temple.
  5951 | Temple   | Entered the Ecumenical Temple
  6018 | Temple   | Became a worshipper of Gozag Ym Sagoz the Greedy
  6456 | D:7      | Found a hide-covered altar of Uskayaw.
  7785 | D:8      | Noticed Maggie
  7796 | D:8      | Killed Maggie
  7797 | D:8      | Reached skill level 6 in Fighting
  7797 | D:8      | Reached skill level 5 in Axes
  7797 | D:8      | Reached skill level 5 in Evocations
  8076 | D:8      | Noticed Prince Ribbit
  8093 | D:8      | Killed Prince Ribbit
  8094 | D:8      | Reached skill level 5 in Dodging
  8901 | D:9      | Reached skill level 5 in Armour
  8901 | D:9      | Gained mutation: You have hoof-like feet. [demonic
                  | ancestry]
  8901 | D:9      | Reached XP level 10. HP: 72/77 MP: 10/10
  9157 | D:9      | Reached skill level 5 in Throwing
  9593 | D:9      | Found a staircase to the Lair.
 10175 | D:9      | Found a hazy altar of Hepliaklqana.
 10322 | D:10     | Entered Level 10 of the Dungeon
 10330 | D:9      | Reached skill level 5 in Shields
 10555 | D:10     | Noticed Lodul
 10574 | D:9      | Reached skill level 7 in Fighting
 11682 | D:9      | Found a staircase to the Lair.
 11943 | D:9      | Found a hazy altar of Hepliaklqana.
 12263 | D:10     | Gained mutation: You have a tail ending in a sharp stinger.
                  | [demonic ancestry]
 12263 | D:10     | Reached XP level 11. HP: 79/84 MP: 11/11
 12559 | D:10     | Noticed a two-headed ogre
 12569 | D:10     | Killed a two-headed ogre
 12648 | D:10     | Found a radiant altar of Vehumet.
 12648 | D:10     | Found a burning altar of Makhleb.
 12713 | D:10     | Noticed Joseph
 12729 | D:10     | Killed Joseph
 13362 | Lair:1   | Entered Level 1 of the Lair of Beasts
 13598 | Lair:1   | Noticed a death yak
 13633 | Lair:1   | Killed a death yak
 15069 | Lair:2   | Reached skill level 8 in Fighting
 15403 | Lair:2   | Found a staircase to the Shoals.
 15548 | Lair:2   | Gained mutation: You have a sharp stinger which inflicts
                  | weakening toxins. [demonic ancestry]
 15548 | Lair:2   | Reached XP level 12. HP: 92/93 MP: 12/12
 16268 | Lair:3   | Found a staircase to the Snake Pit.
 16607 | Lair:3   | Noticed a five-headed hydra
 16618 | Lair:3   | Killed a five-headed hydra
 16740 | Lair:3   | HP: 1/94 [elephant (9)]
 17698 | Lair:3   | Noticed a seven-headed hydra
 17751 | Lair:3   | Killed a seven-headed hydra
 17978 | Lair:3   | Engulfed by a fire crab's flame

Illustrated notes

Levels and vault maps discovered:
D:1:      dpeg_arrival_arbitrary_c, layout_basic, serial_shops,
          nicolae_shop_waterfront, nicolae_figureground_pulse
D:2:      layout_rooms, basic_altar, uniq_robin
D:3:      minmay_angry_zag, layout_basic, mainiacjoe_overflow_boulevard,
          dreamdust_ecumenical_altar_angels_and_demons, uniq_sigmund
D:4:      layout_basic, dk_vineyard_3, small_statue_intersection,
          kennysheep_generic_room_10
D:5:      layout_basic, mainiacjoe_overflow_cross_hatched, serial_curves,
          eino_curves_01, eino_curves_04, hex_tiny, dk_noncrumbling_3,
          uniq_duvessa, uniq_menkaure, uniq_blork_the_orc
D:6:      layout_rooms, minmay_temple_entry_antechambers, serial_aquarium,
          aquarium_bridge_square [aquarium_subvault_wall,
          aquarium_subvault_balcony, aquarium_subvault_bridge,
          aquarium_subvault_bridge], aquarium_bridge_long_joined
          [aquarium_subvault_bridge, aquarium_subvault_bridge,
          aquarium_subvault_bridge, aquarium_subvault_wall,
          aquarium_subvault_wall, aquarium_subvault_wall], aquarium_window_1,
          aquarium_window_fake, aquarium_view_2f, aquarium_view_2d,
          aquarium_balcony_1b, aquarium_pool_2, corexii_corridor_pit,
          dk_noncrumbling_2
D:7:      layout_gridville, lemuel_crystal_altar
D:8:      layout_basic, kennysheep_big_empty_room, minmay_misc_feat_hallway,
          feat_on_display, uniq_maggie, uniq_prince_ribbit1
D:9:      layout_stronghold, nicolae_hepliaklqana_hippocampus, lair_entry_dummy
D:10:     layout_roguey, grunt_temple_overflow_lords_of_destruction,
          uniq_joseph, uniq_lodul
Temple:   kb_temple_of_zot
Lair:1:   layout_chaotic_city, chequers_serial_rivers_large_b,
          serial_bayou_lake_a
Lair:2:   layout_regular_city, elwin_shoals_entry_rooms, minmay_holes
Lair:3:   layout_chaotic_city, guppyfry_snake_entry_island

Skill      XL: |  1  2  3  4  5  6  7  8  9 10 11 12 |
---------------+-------------------------------------+-----
Axes           | 2 3 4 5 6 7 |  7.6
Dodging        | 2 3 4 5 6 7 |  7.5
Evocations     | 1 2 3 4 5 6 7 |  7.9
Armour         | 1 2 3 4 5 6 7 |  7.3
Throwing       | 1 2 3 4 5 6 7 |  7.1
Shields        | 1 2 3 4 5 6 7 |  7.0
Fighting       | 4 5 6 7 8 |  8.6
Stealth        | |  4.5

Action                   |  1- 3 |  4- 6 |  7- 9 | 10-12 || total
-------------------------+-------+-------+-------+-------++-------
Melee: Hand axe          |    77 |       |       |       ||    77
       Short sword       |    19 |   134 |       |       ||   153
       Whip              |       |       |   439 |   254 ||   693
       Tailslap          |       |       |    40 |   133 ||   173
       Trident           |       |       |       |   411 ||   411
Throw: Dart              |       |     2 |     8 |    15 ||    25
Evoke: Wand              |       |       |     6 |     1 ||     7
  Use: Potion            |     1 |     1 |       |       ||     2
       Scroll            |       |       |       |    12 ||    12
 Stab: Sleeping          |     6 |     2 |     9 |     6 ||    23
       Distracted        |       |       |       |     4 ||     4
Armor: Leather armour    |     1 |       |       |       ||     1
       Ring mail         |    40 |    44 |   128 |       ||   212
       Steam dragon scal |       |       |    13 |   210 ||   223
Dodge: Dodged            |    34 |    62 |   290 |   534 ||   920
Block: Kite shield       |    11 |    68 |   227 |   367 ||   673

Table legend: (Time is in decaauts)
 A = Elapsed time spent in this place.
 B = Non-inter-level travel time spent in this place.
 C = Inter-level travel time spent in this place.
 D = Time resting spent in this place.
 E = Time spent auto-exploring this place.
 F = Levels seen in this place.
 G = Mean time per level.
                   A        B        C        D        E       F      G
               +--------+--------+--------+--------+--------+-----+--------+
         Total |  18248 |  17719 |    529 |    773 |  13811 |  14 | 1303.4 |
       Dungeon |  13638 |  13162 |    476 |    530 |  10424 |  10 | 1363.8 |
        Temple |     88 |     67 |     21 |      0 |     50 |   1 |   88.0 |
          Lair |   4521 |   4490 |     31 |    243 |   3337 |   3 | 1507.0 |
               +--------+--------+--------+--------+--------+-----+--------+

Top non-repeatable levels by time:
     D:9: 3340 daAuts
     D:8: 1729 daAuts
     D:3: 1669 daAuts
  Lair:2: 1663 daAuts
  Lair:1: 1503 daAuts
    D:10: 1367 daAuts
  Lair:3: 1354 daAuts
     D:5: 1071 daAuts
     D:4: 1048 daAuts
     D:6: 992 daAuts
     D:7: 906 daAuts
     D:1: 877 daAuts
     D:2: 633 daAuts
  Temple: 88 daAuts
